AoeStats
← K

Black Forest

508493065Analyzed
4v4 RM · 11d ago on Sep 22, 2026· 53m 7s· 8 players
Game mode
Random Map
Map size
Large (8 player)
Population
200
Speed
Normal
Resources
Standard
Victory
Conquest
Starting age
Dark Age
Ending age
Imperial Age
RankedLock teamsTeams togetherTeam positionsShared explorationLock speedFull tech treeHidden civsTurbo modeCheats
Victory
Defeat
🇩🇪 Jurchens · Germany
1258
+14
🇹🇼 Persians · Taiwan
1230
+15
🇬🇧 Dravidians · United Kingdom
1212
+16
🇲🇾 Chinese · Malaysia
1023
+23
🇭🇰 Koreans · Hong Kong SAR China
1404
-25
🇧🇷 Burgundians · Brazil
1372
-23
🇹🇷 Mongols · Türkiye
1047
-11
🇨🇴 Ethiopians · Colombia
994
-9
MZTK / Dampflok
1:20 Loom
12:32 Feudal Age
16:58 Castle Age
15:20 Double-Bit Axe
16:04 Town Watch
17:56 Bow Saw
17:40 Horse Collar
20:19 Fishing Lines
21:52 Gillnets
23:16 Wheelbarrow
26:18 Stone Mining
27:32 Hand Cart
28:28 Gold Mining
33:22 Imperial Age
32:05 Scale Barding Armor
34:41 Chain Barding Armor
34:33 Heavy Rocket Cart
39:15 Caravan
39:36 Siege Engineers
39:03 Capped Ram
40:34 Scale Mail Armor
42:38 Plate Barding Armor
42:16 Forging
42:32 Conscription
43:11 Elite Iron Pagoda
44:39 Gold Shaft Mining
45:26 Iron Casting
45:05 Bloodlines
45:21 Husbandry
47:47 Two-Man Saw
49:31 Blast Furnace
49:59 Heavy Plow
51:25 Hoardings
50:40 Siege Ram
52:03 Light Cavalry
53:57 Guilds
Arvolen
0:26 Loom
11:50 Feudal Age
14:31 Wheelbarrow
17:13 Castle Age
15:13 Double-Bit Axe
16:53 Horse Collar
18:44 Bow Saw
24:08 Heavy Plow
24:09 Stone Mining
25:29 Gold Mining
26:17 Stone Shaft Mining
26:17 Caravan
27:44 Hand Cart
29:19 Gold Shaft Mining
33:45 Imperial Age
31:34 Forging
33:33 Bloodlines
33:23 Husbandry
34:04 Iron Casting
33:34 Scale Barding Armor
34:48 Iron Casting
34:18 Cavalier
36:21 Chain Barding Armor
36:40 Light Cavalry
38:50 Heavy Rocket Cart
42:11 Plate Barding Armor
K
11:48 Feudal Age
16:00 Castle Age
14:27 Double-Bit Axe
14:25 Horse Collar
17:20 Heavy Plow
18:46 Loom
22:32 Gold Mining
22:35 Stone Mining
24:17 Wheelbarrow
25:34 Hand Cart
26:06 Bow Saw
25:44 Town Watch
25:55 Fletching
26:06 Padded Archer Armor
29:12 Imperial Age
27:40 Bodkin Arrow
28:37 Leather Archer Armor
28:45 Ballistics
31:04 Two-Man Saw
30:04 Elite Elephant Archer
30:50 Thumb Ring
32:35 Chemistry
31:40 Bracer
33:24 Murder Holes
34:02 Ring Archer Armor
32:58 Elite Skirmisher
39:01 Conscription
39:02 Wootz Steel
39:41 Medical Corps
40:24 Husbandry
39:45 Light Cavalry
40:44 Forging
40:40 Scale Barding Armor
40:36 Scale Mail Armor
49:05 Iron Casting
48:51 Chain Barding Armor
萊姆王帥帥毛
1:16 Loom
11:45 Feudal Age
12:56 Double-Bit Axe
15:55 Castle Age
16:51 Bow Saw
17:20 Fishing Lines
21:52 Horse Collar
25:29 Wheelbarrow
26:07 Gold Mining
26:08 Stone Mining
30:39 Imperial Age
28:57 Masonry
29:07 Ballistics
28:48 Gillnets
29:24 Forging
29:20 Scale Barding Armor
30:45 Iron Casting
30:01 Fletching
31:49 Chain Barding Armor
32:34 Chemistry
32:06 Architecture
32:02 Citadels
32:14 Conscription
32:29 Hoardings
32:20 Guilds
32:12 Caravan
32:57 Gold Shaft Mining
33:14 Elite War Elephant
36:03 Plate Barding Armor
36:29 Blast Furnace
38:20 Stone Shaft Mining
43:05 Kamandaran
42:29 Light Cavalry
43:19 Bloodlines
43:10 Husbandry
43:02 Crossbowman
43:54 Padded Archer Armor
45:26 Two-Man Saw
45:21 Bodkin Arrow
45:41 Leather Archer Armor
45:57 Thumb Ring
48:04 Town Watch
48:38 Leather Archer Armor
47:48 Hussar
bymury111
6:01 Loom
12:52 Feudal Age
17:36 Castle Age
18:22 Double-Bit Axe
25:34 Bow Saw
28:51 Caravan
29:26 Horse Collar
32:40 Imperial Age
31:28 Heavy Plow
32:03 Ballistics
31:46 Padded Archer Armor
31:37 Fletching
31:57 Forging
32:55 Leather Archer Armor
33:50 Drill
35:01 Chemistry
33:34 Capped Ram
34:52 Bodkin Arrow
35:32 Iron Casting
36:45 Siege Ram
37:11 Heavy Scorpion
42:00 Onager
42:53 Light Cavalry
47:55 Bracer
48:55 Blast Furnace
47:51 Elite Skirmisher
47:55 Crossbowman
48:41 Thumb Ring
Jan_Rui
1:15 Loom
14:58 Feudal Age
16:18 Double-Bit Axe
17:27 Wheelbarrow
20:17 Castle Age
21:45 Bow Saw
24:29 Stone Mining
24:58 Town Watch
29:18 Town Patrol
29:22 Scale Mail Armor
29:32 Forging
30:24 Fishing Lines
32:04 Chain Mail Armor
31:59 Forging
32:03 Fortified Wall
32:15 Ballistics
32:05 Masonry
33:14 Squires
37:53 Imperial Age
35:39 Hand Cart
35:45 Gillnets
36:33 Iron Casting
35:49 Fletching
38:05 Bodkin Arrow
38:21 Caravan
37:57 Onager
39:43 Chemistry
39:09 Torsion Engines
40:08 Halberdier
41:20 Plate Mail Armor
41:50 Blast Furnace
41:33 Heavy Scorpion
44:53 Conscription
44:41 Siege Engineers
49:09 Siege Onager
Julio2
5:40 Double-Bit Axe
11:52 Feudal Age
12:45 Bow Saw
17:54 Fishing Lines
20:51 Castle Age
20:02 Gillnets
20:14 Gold Mining
20:06 Horse Collar
22:46 Two-Man Saw
23:58 Gold Shaft Mining
24:00 Wheelbarrow
27:09 Imperial Age
28:14 Heavy Plow
29:27 Chemistry
28:50 Hand Cart
28:58 Stone Mining
29:40 Crop Rotation
30:16 Padded Archer Armor
33:39 Coinage
33:44 Conscription
33:31 Burgundian Vineyards
35:22 Banking
大庆Song
0:29 Loom
13:04 Feudal Age
15:49 Wheelbarrow
18:38 Castle Age
17:00 Double-Bit Axe
16:58 Horse Collar
17:48 Stone Mining
19:56 Bow Saw
21:39 Heavy Plow
21:39 Fishing Lines
25:07 Gillnets
25:40 Fletching
26:40 Gold Mining
26:49 Bodkin Arrow
29:24 Ballistics
34:46 Imperial Age
34:09 Gold Shaft Mining
33:41 Caravan
34:36 Masonry
34:22 Murder Holes
35:25 Stone Shaft Mining
35:36 Bracer
35:24 Capped Ram
37:24 Chemistry
37:55 Arrowslits
38:32 Conscription
39:24 Architecture
40:21 Hand Cart
41:13 Two-Man Saw
40:34 Fortified Wall
40:11 Treadmill Crane
41:21 Heavy Rocket Cart
42:53 Guilds
43:25 Pikeman
44:05 Squires
43:51 Arson
44:17 Forging
44:07 Scale Mail Armor
45:40 Halberdier
46:56 Iron Casting
46:36 Chain Mail Armor
Connection lost

Rejoining the realm…

Still unreachable

The connection could not be restored.

Session expired

The server has moved on; the page needs a fresh start.